[Event "ICC tourney 1901 (45 10)"]
[Site "Internet Chess Club"]
[Date "2020.07.04"]
[Round "2"]
[White "Brian6712"]
[Black "savchess06"]
[Result "1-0"]
[ICCResult "Black resigns"]
[WhiteElo "1400"]
[BlackElo "1294"]
[Opening "English opening"]
[ECO "A05"]
[NIC "QP.11"]
[Time "13:30:37"]
[TimeControl "2700+10"]

1. Nf3 Nf6 2. c4 e6 3. Nc3 d5 4. e3 Be7 5. Be2 O-O 6. O-O c5 7. cxd5 Nxd5 8.
Qc2 Nc6 9. b3 b6 10. Bb2 Bb7 11. Rac1 Qd7 12. Rfd1 Rac8 13. Qb1 Ba8 14. Bf1
Rfd8 15. h3 Qb7 16. Nxd5 Rxd5 17. d4 Rdd8 18. dxc5 Bxc5 19. Rc4 Qe7 20. Rg4
f6 21. Rxd8+ Rxd8 22. Bd3 h6 23. Rg6 Rf8 24. Nh4 Rf7 25. Qd1 Bd6 26. Qh5 Be5
27. Qxh6 Bxb2 28. Rg5 Qb4 29. Qh7+ Kf8 30. Ng6+ Ke8 31. Qg8+ Rf8 32. Qxe6+
Kd8 33. Rd5+ Kc7 34. Nxf8 Qxf8 35. Rd7+ Kb8 36. Be4 Ne5 37. Re7 Bxe4 38.
Re8+ Qxe8 39. Qxe8+ Kb7 40. Qe7+ Ka6 41. f4 Bc1 42. fxe5 Bxe3+ 43. Kh1 f5
44. e6 g5 45. Qa3+ Kb7 46. e7 Bc6 47. Qd6 Bf4 48. Qxc6+ {Black resigns} 1-0

[Event "ICC tourney 1901 (45 10)"]
[Site "Internet Chess Club"]
[Date "2020.07.04"]
[Round "2"]
[White "musk6868"]
[Black "bpovo1394"]
[Result "0-1"]
[ICCResult "White resigns"]
[WhiteElo "1865"]
[BlackElo "1715"]
[Opening "Caro-Kann: Tartakower (Nimzovich) variation"]
[ECO "B15"]
[NIC "CK.06"]
[Time "13:30:36"]
[TimeControl "2700+10"]

1. e4 c6 2. d4 d5 3. Nc3 dxe4 4. Nxe4 Nf6 5. Nxf6+ exf6 6. c3 Bd6 7. Bd3 O-O
8. Qc2 Re8+ 9. Ne2 h5 10. O-O h4 11. h3 Nd7 12. Re1 Nf8 13. Be3 Be6 14. Bf4
c5 15. Bxd6 Qxd6 16. dxc5 Qxc5 17. Nd4 Qg5 18. Nf3 Qh5 19. Qa4 g5 20. Nd4
Bd7 21. Qa5 Ne6 22. Bf5 b6 23. Qd5 Rad8 24. Qb7 Nxd4 25. Bxd7 Ne2+ 26. Kf1
Re7 27. Rad1 Nf4 28. Bg4 Rxe1+ 29. Rxe1 Qg6 30. Qxa7 Qd3+ 31. Kg1 Qd5 32.
Bf3 Nxh3+ 33. Kh2 Qf5 34. Qxb6 Rd2 35. Qe3 Rxf2 36. Qe8+ Kg7 37. Qe4 Qc5 38.
Kxh3 Qc7 39. Qg4 Rxb2 40. a4 Ra2 41. Rd1 Rxa4 42. Rd4 Ra1 43. g3 Qxc3 44.
gxh4 Rh1+ 45. Kg2 Rxh4 46. Qxh4 gxh4 47. Rg4+ Kf8 48. Rxh4 Qd2+ 49. Kg3 f5
50. Rh2 Qg5+ 51. Kf2 f4 52. Rg2 Qc5+ 53. Kf1 Qc1+ 54. Kf2 Qe3+ 55. Kf1 Qxf3+
56. Kg1 f5 57. Rf2 Qg4+ 58. Rg2 Kf7 59. Kh1 Kf6 60. Rh2 Qd1+ 61. Kg2 Qe2+
62. Kg1 Qe3+ 63. Kh1 Ke5 64. Rg2 Ke4 65. Rc2 Kd3 66. Rg2 f3 67. Ra2 Qe1+ 68.
Kh2 Qe2+ {White resigns} 0-1

[Event "ICC tourney 1901 (45 10)"]
[Site "Internet Chess Club"]
[Date "2020.07.04"]
[Round "2"]
[White "penguinwizard"]
[Black "JosephLevine"]
[Result "1-0"]
[ICCResult "Black checkmated"]
[WhiteElo "1637"]
[BlackElo "1345"]
[Opening "QGD: Cambridge Springs defense, Rubinstein variation"]
[ECO "D52"]
[NIC "QO.15"]
[Time "13:30:32"]
[TimeControl "2700+10"]

1. d4 d5 2. c4 e6 3. Nc3 Nf6 4. Bg5 Nbd7 5. Nf3 c6 6. e3 Qa5 7. Nd2 dxc4 8.
Bxf6 Nxf6 9. Nxc4 Qd8 10. Be2 Be7 11. O-O O-O 12. Bf3 Rb8 13. Qe2 c5 14.
Rfd1 cxd4 15. Rxd4 Qc7 16. a4 e5 17. Nb5 Qc5 18. b4 Qxb4 19. Nxe5 Qc5 20.
Nd3 Qb6 21. Rb1 Be6 22. Qe1 a5 23. Nf4 Bb4 24. Qd1 Rfd8 25. Nxe6 fxe6 26.
Qb3 Bc5 27. Rxd8+ Rxd8 28. Qc4 Nd5 29. Nc3 Nb4 30. Ne4 Be7 31. Bg4 Kf7 32.
Ng3 Qc6 33. Qf4+ Bf6 34. Ne4 Qc2 35. Rf1 Nd3 36. Qf3 Ne5 37. Ng5+ Ke8 38.
Bh5+ Ke7 39. Qxb7+ Rd7 40. Qb8 g6 41. Nxh7 Rd8 42. Qa7+ Rd7 43. Qxa5 Nc6 44.
Qa8 Rd8 45. Qb7+ Rd7 46. Qc8 Rd8 47. Qc7+ Rd7 48. Qf4 Bg7 49. Bg4 Ne5 50.
Ng5 Bf6 51. Qb4+ Ke8 52. Nxe6 Be7 53. Qb8+ Kf7 54. Qxe5 Bf6 55. Qb8 Be7 56.
Ng5+ Bxg5 57. Bxd7 Qe4 58. Qe8+ Qxe8 59. Bxe8+ Kxe8 60. a5 Kd7 61. Rb1 Be7
62. a6 Bc5 63. a7 Bxa7 64. Rb7+ Ke6 65. Rxa7 Kf5 66. Ra6 g5 67. Ra5+ Kg4 68.
Rxg5+ Kxg5 69. f4+ Kg4 70. Kf2 Kh4 71. e4 Kg4 72. g3 Kh3 73. e5 Kg4 74. e6
Kh3 75. e7 Kxh2 76. e8=Q Kh3 77. Qh5# {Black checkmated} 1-0

[Event "ICC tourney 1901 (45 10)"]
[Site "Internet Chess Club"]
[Date "2020.07.04"]
[Round "2"]
[White "MrNormalName"]
[Black "Chessulanru2020"]
[Result "1-0"]
[ICCResult "Black resigns"]
[WhiteElo "1636"]
[BlackElo "1496"]
[Opening "Catalan: closed, 5.Nf3"]
[ECO "E06"]
[NIC "CA.04"]
[Time "13:30:44"]
[TimeControl "2700+10"]

1. d4 Nf6 2. c4 e6 3. g3 d5 4. Bg2 Be7 5. Nf3 c6 6. O-O Ne4 7. Nc3 f5 8.
Nxe4 fxe4 9. Ne5 O-O 10. f3 exf3 11. Bxf3 Nd7 12. Nxd7 Bxd7 13. b3 Bd6 14.
Bb2 Qe7 15. e4 dxc4 16. e5 Ba3 17. Bxa3 Qxa3 18. bxc4 Qe3+ 19. Kg2 Rad8 20.
Re1 Qc3 21. Rc1 Qb2+ 22. Rc2 Qa3 23. Be4 Qe7 24. Qh5 g6 25. Qg4 Bc8 26. Bd3
c5 27. d5 exd5 28. e6 Rf6 29. cxd5 Rxd5 30. Bc4 Rd4 31. Qe2 b6 32. Qe5 Rf5
33. Qc7 Bb7+ 34. Kg1 Qxc7 35. e7+ Kg7 36. e8=N+ Kh6 37. Nxc7 Rf6 38. Nb5 Rd7
39. Nxa7 Rfd6 40. Nb5 Rd2 41. Rxd2 Rxd2 42. Re2 Rd1+ 43. Kf2 Kg5 44. Re5+
Kh6 45. h4 Rd2+ 46. Re2 Rd1 47. Re7 Ba8 48. Bg8 g5 49. Rxh7+ Kg6 50. h5+ Kf6
51. Rh6+ Ke5 52. Rxb6 Rd2+ 53. Ke3 Rg2 54. Re6+ Kf5 55. Nd6+ Kg4 56. Ne4
Rxa2 57. h6 Ra3+ 58. Ke2 Ra2+ 59. Nd2 Bf3+ 60. Kd3 Bd1 61. Re4+ Kxg3 62.
Bxa2 c4+ 63. Bxc4 {Black resigns} 1-0

[Event "ICC tourney 1901 (45 10)"]
[Site "Internet Chess Club"]
[Date "2020.07.04"]
[Round "3"]
[White "justinchess"]
[Black "woodychess"]
[Result "0-1"]
[ICCResult "White resigns"]
[WhiteElo "2022"]
[BlackElo "1610"]
[Opening "English opening"]
[ECO "A05"]
[NIC "QP.11"]
[Time "16:04:21"]
[TimeControl "2700+10"]

1. Nf3 Nf6 2. c4 c6 3. Nc3 d5 4. e3 a6 5. b3 Bf5 6. d4 e6 7. Bd3 Bb4 8. Bb2
Qa5 9. Qc2 Bxd3 10. Qxd3 Ne4 11. Rc1 Qxa2 12. Qc2 dxc4 13. bxc4 Nxc3 14.
Bxc3 Qxc4 15. Bxb4 Qxb4+ 16. Nd2 O-O 17. O-O {White resigns} 0-1

[Event "ICC tourney 1901 (45 10)"]
[Site "Internet Chess Club"]
[Date "2020.07.04"]
[Round "3"]
[White "HR2005"]
[Black "TjkTiger"]
[Result "0-1"]
[ICCResult "White resigns"]
[WhiteElo "1316"]
[BlackElo "1401"]
[Opening "Sicilian: Hungarian variation"]
[ECO "B27"]
[NIC "SI.43"]
[Time "16:04:30"]
[TimeControl "2700+10"]

1. e4 c5 2. Nf3 g6 3. d4 cxd4 4. Nxd4 Bg7 5. c4 Qb6 6. Nb5 Qa5+ 7. Bd2 Qd8
8. Bc3 Nf6 9. Bd3 O-O 10. O-O Nc6 11. e5 Ne8 12. f4 a6 13. N5a3 d6 14. Be4
Qb6+ 15. Kh1 dxe5 16. Bxc6 Qxc6 17. fxe5 b5 18. Qd5 Qxd5 19. cxd5 Bb7 20.
Rd1 Rd8 21. Bb4 Rd7 22. Nc3 Bxe5 23. Re1 Bd6 24. Bxd6 Nxd6 25. Rad1 b4
{White resigns}
0-1

[Event "ICC tourney 1901 (45 10)"]
[Site "Internet Chess Club"]
[Date "2020.07.04"]
[Round "3"]
[White "vyomvidy"]
[Black "RagingKnightNC"]
[Result "1-0"]
[ICCResult "Black resigns"]
[WhiteElo "1610"]
[BlackElo "1615"]
[Opening "Queen's pawn: Chigorin variation"]
[ECO "D00"]
[NIC "VO.15"]
[Time "16:04:19"]
[TimeControl "2700+10"]

1. Nc3 d5 2. d4 Nf6 3. Bf4 c5 4. e3 Nc6 5. Nb5 e5 6. dxe5 Ne4 7. Qxd5 Qa5+
8. c3 Bf5 9. Bc4 Bg6 10. e6 Bd6 11. exf7+ Kf8 12. Bxd6+ Ne7 13. Qxb7 Qd8 14.
Bxe7+ {Black resigns} 1-0

[Event "ICC tourney 1901 (45 10)"]
[Site "Internet Chess Club"]
[Date "2020.07.04"]
[Round "3"]
[White "chessmate09520"]
[Black "Chesslegend21"]
[Result "0-1"]
[ICCResult "White checkmated"]
[WhiteElo "1408"]
[BlackElo "1580"]
[Opening "Sicilian defense"]
[ECO "B30"]
[NIC "SI.31"]
[Time "16:04:18"]
[TimeControl "2700+10"]

1. e4 c5 2. Nf3 Nc6 3. c3 Nf6 4. e5 Nd5 5. d4 cxd4 6. cxd4 d6 7. Bc4 e6 8.
O-O Be7 9. Qe2 Qc7 10. Re1 Nb6 11. Bd3 Nb4 12. Nc3 Nxd3 13. Qxd3 Bd7 14. Bf4
d5 15. Rac1 Qd8 16. b3 O-O 17. h4 f6 18. exf6 Bxf6 19. Be5 Be8 20. Bxf6 Qxf6
21. Qe3 Bh5 22. Qxe6+ Qxe6 23. Rxe6 Bxf3 24. gxf3 Rxf3 25. Nd1 Raf8 26. Re7
R3f7 27. Rcc7 Rxe7 28. Rxe7 Rf7 29. Re8+ Rf8 30. Rxf8+ Kxf8 31. Kg2 Ke7 32.
Ne3 Ke6 33. Kf3 Nc8 34. Kg4 Nd6 35. a4 Ne4 36. f4 a5 37. Nf5 h5+ 38. Kxh5
Kxf5 39. b4 Ng3# {White checkmated} 0-1

[Event "ICC tourney 1901 (45 10)"]
[Site "Internet Chess Club"]
[Date "2020.07.04"]
[Round "3"]
[White "savchess06"]
[Black "mopaska1106"]
[Result "1-0"]
[ICCResult "Black resigns"]
[WhiteElo "1400"]
[BlackElo "1506"]
[Opening "Sicilian: Labourdonnais-L?wenthal (Kalashnikov) variation"]
[ECO "B32"]
[NIC "SI.32"]
[Time "16:04:31"]
[TimeControl "2700+10"]

1. e4 c5 2. Nf3 Nc6 3. d4 cxd4 4. Nxd4 e5 5. Nb5 d6 6. c4 Be7 7. N1c3 a6 8.
Na3 Bg5 9. Bxg5 Qxg5 10. Qxd6 Be6 11. Nd5 Bxd5 12. cxd5 Rd8 13. Qc5 Nf6 14.
Qc1 Qh4 15. dxc6 Nxe4 16. Qe3 Nxf2 17. g3 Qb4+ 18. Qc3 Qe4+ 19. Kxf2 Qxh1
20. c7 Qxh2+ 21. Bg2 {Black resigns} 1-0

[Event "ICC tourney 1901 (45 10)"]
[Site "Internet Chess Club"]
[Date "2020.07.04"]
[Round "3"]
[White "NK3"]
[Black "Brian6712"]
[Result "1/2-1/2"]
[ICCResult "Game drawn by mutual agreement"]
[WhiteElo "1890"]
[BlackElo "1499"]
[Opening "Sicilian: dragon, Yugoslav attack, Rauser variation"]
[ECO "B76"]
[NIC "SI.17"]
[Time "16:04:33"]
[TimeControl "2700+10"]

1. e4 c5 2. Nf3 d6 3. d4 cxd4 4. Nxd4 Nf6 5. Nc3 g6 6. Be3 Bg7 7. f3 O-O 8.
Qd2 Nc6 9. O-O-O d5 10. Kb1 Nxd4 11. e5 Nf5 12. exf6 exf6 13. Nxd5 Be6 14.
Bc4 b5 15. Bb3 Nxe3 16. Qxe3 f5 17. Qc5 Bxd5 18. Rxd5 Qf6 19. c3 Rab8 20.
Qd6 Qg5 21. Qg3 Qf6 22. Qd6 Qg5 {Game drawn by mutual agreement} 1/2-1/2

[Event "ICC tourney 1901 (45 10)"]
[Site "Internet Chess Club"]
[Date "2020.07.04"]
[Round "3"]
[White "EzWin4All"]
[Black "penguinwizard"]
[Result "1/2-1/2"]
[ICCResult "Game drawn by mutual agreement"]
[WhiteElo "1522"]
[BlackElo "1636"]
[Opening "Sicilian: Nimzovich-Rossolimo attack (with ...g6, without ...d6)"]
[ECO "B31"]
[NIC "SI.31"]
[Time "16:05:14"]
[TimeControl "2700+10"]

1. e4 c5 2. Nf3 Nc6 3. Bb5 g6 4. O-O Bg7 5. c3 Nf6 6. Re1 O-O 7. h3 Qb6 8.
Na3 d6 9. d4 cxd4 10. cxd4 d5 11. e5 Ne4 12. Bd3 Rd8 13. Nc2 f6 14. exf6
Bxf6 15. Qe2 Bf5 16. g4 Be6 17. b3 Bf7 18. Bf4 Rac8 19. Qe3 a5 20. Rec1 Qa7
21. Kg2 Re8 22. Re1 a4 23. b4 Qb6 24. a3 Nd8 25. Bxe4 dxe4 26. Qxe4 Ne6 27.
Be5 Red8 28. Ne3 Nxd4 29. Nxd4 Bxe5 30. Qxe5 Rxd4 31. Rac1 Re8 32. Rc7 Qf6
33. Qxf6 exf6 34. Rxb7 Bd5+ 35. Nxd5 Rxe1 36. Nxf6+ Kf8 37. Nxh7+ Kg8 38.
Nf6+ Kf8 39. Nh7+ {Game drawn by mutual agreement} 1/2-1/2

[Event "ICC tourney 1901 (45 10)"]
[Site "Internet Chess Club"]
[Date "2020.07.04"]
[Round "3"]
[White "kptl132"]
[Black "hilariouspanda"]
[Result "1/2-1/2"]
[ICCResult "Game drawn by mutual agreement"]
[WhiteElo "1368"]
[BlackElo "1412"]
[Opening "Sicilian, Chekhover variation"]
[ECO "B53"]
[NIC "SI.02"]
[Time "16:04:31"]
[TimeControl "2700+10"]

1. e4 c5 2. Nf3 d6 3. d4 cxd4 4. Qxd4 a6 5. c4 Nc6 6. Qd3 Nf6 7. Nc3 g6 8.
Be2 Bg7 9. h3 O-O 10. O-O Nd7 11. Be3 Nde5 12. Qd2 Be6 13. Nd5 Bxd5 14. exd5
Nxf3+ 15. Bxf3 Ne5 16. Be2 Rc8 17. Rac1 Nd7 18. b4 a5 19. a3 b6 20. Rc2 Qc7
21. Rfc1 axb4 22. axb4 Qa7 23. Bg4 Rc7 24. Bxd7 Rxd7 25. c5 bxc5 26. bxc5
dxc5 27. Rxc5 Qb7 28. Bf4 e5 29. Bg5 f6 30. Bh6 Rfd8 31. Bxg7 Kxg7 32. Qc3
Qa8 33. Rd1 Rxd5 34. Rc7+ Kg8 35. Qb3 Kh8 36. Rxd5 Qxd5 37. Qb6 Rf8 38. Qa7
Qg8 39. Re7 Re8 40. Rf7 Rf8 41. Rb7 e4 42. Qb6 Qa2 43. Qc7 Qa1+ 44. Kh2 Qe5+
45. Qxe5 fxe5 46. Re7 Rxf2 47. Rxe5 Re2 48. Kg3 Kg7 49. Re7+ Kh6 50. h4 Re3+
51. Kf2 Ra3 52. Rxe4 Kh5 53. g3 Ra2+ 54. Kg1 h6 55. Rb4 Rd2 56. Rc4 Rd1+ 57.
Kh2 Rd2+ 58. Kh3 Rd3 {Game drawn by mutual agreement} 1/2-1/2

[Event "ICC tourney 1901 (45 10)"]
[Site "Internet Chess Club"]
[Date "2020.07.04"]
[Round "3"]
[White "rtahmass"]
[Black "helavir"]
[Result "0-1"]
[ICCResult "White checkmated"]
[WhiteElo "1557"]
[BlackElo "1811"]
[Opening "Caro-Kann: classical, Spassky variation"]
[ECO "B19"]
[NIC "CK.12"]
[Time "16:04:53"]
[TimeControl "2700+10"]

1. e4 c6 2. d4 d5 3. Nc3 dxe4 4. Nxe4 Bf5 5. Ng3 Bg6 6. h4 h6 7. Nf3 Nd7 8.
h5 Bh7 9. Bd3 Bxd3 10. Qxd3 e6 11. Bf4 Qa5+ 12. Bd2 Bb4 13. c3 Be7 14. c4
Qc7 15. O-O-O Ngf6 16. Ne4 O-O-O 17. g3 c5 18. Bf4 Qa5 19. Kb1 cxd4 20. Nxd4
Nc5 21. Nxc5 Bxc5 22. Be3 Qb6 23. Rh4 Rd7 24. Rc1 e5 25. Qb3 exd4 26. Qxb6
Bxb6 27. c5 dxe3 28. cxb6+ Kb8 29. bxa7+ Kxa7 30. fxe3 Re8 31. Rc3 Ne4 32.
Ra3+ Kb8 33. Rg4 Rc8 34. b3 f5 35. Rg6 Nc3+ 36. Kb2 Nd1+ 37. Kb1 Rdc7 38.
Rga6 Rc1# {White checkmated} 0-1

[Event "ICC tourney 1901 (45 10)"]
[Site "Internet Chess Club"]
[Date "2020.07.04"]
[Round "3"]
[White "hydroblade"]
[Black "hoshibosh"]
[Result "1-0"]
[ICCResult "Black resigns"]
[WhiteElo "1581"]
[BlackElo "1553"]
[Opening "QGD: 4.Nf3"]
[ECO "D37"]
[NIC "QI.01"]
[Time "16:04:38"]
[TimeControl "2700+10"]

1. d4 Nf6 2. c4 e6 3. Nf3 d5 4. Nc3 dxc4 5. e4 Bb4 6. Bxc4 Nxe4 7. O-O Bxc3
8. bxc3 Nd7 9. Re1 Nd6 10. Bxe6 fxe6 11. Rxe6+ Kf8 12. Ng5 Nf6 13. Qb3 Qd7
14. Ba3 h6 15. Rxd6 cxd6 16. Bxd6+ {Black resigns} 1-0

[Event "ICC tourney 1901 (45 10)"]
[Site "Internet Chess Club"]
[Date "2020.07.04"]
[Round "3"]
[White "gmRohde"]
[Black "MrNormalName"]
[Result "1-0"]
[ICCResult "Black checkmated"]
[WhiteElo "1711"]
[BlackElo "1611"]
[Opening "QGD: Petrosian variation"]
[ECO "D37"]
[NIC "QO.14"]
[Time "16:04:38"]
[TimeControl "2700+10"]

1. Nf3 d5 2. c4 e6 3. d4 Nf6 4. Nc3 Be7 5. Bg5 h6 6. Bxf6 Bxf6 7. e3 O-O 8.
Rc1 c6 9. Bd3 Nd7 10. O-O dxc4 11. Bxc4 c5 12. Qe2 b6 13. d5 exd5 14. Nxd5
Bb7 15. Rcd1 Bxd5 16. Rxd5 Qe7 17. Rfd1 Rad8 18. b3 Ne5 19. Nxe5 Rxd5 20.
Rxd5 Bxe5 21. Qd3 Bc7 22. Rd7 Qe5 23. f4 Qa1+ 24. Kf2 Bb8 25. Rxf7 Qxa2+ 26.
Kf3 Re8 27. Rxa7+ Kh8 28. Rxa2 Rxe3+ 29. Qxe3 Bxf4 30. Qe8+ Kh7 31. Bg8+ Kh8
32. Bf7+ Kh7 33. Bg6# {Black checkmated} 1-0

[Event "ICC tourney 1901 (45 10)"]
[Site "Internet Chess Club"]
[Date "2020.07.04"]
[Round "3"]
[White "danbron"]
[Black "GGuseinov"]
[Result "0-1"]
[ICCResult "White resigns"]
[WhiteElo "1615"]
[BlackElo "1778"]
[Opening "Sicilian: accelerated fianchetto, Gurgenidze variation"]
[ECO "B36"]
[NIC "SI.33"]
[Time "16:04:59"]
[TimeControl "2700+10"]

1. e4 c5 2. Nf3 g6 3. d4 cxd4 4. Nxd4 Nc6 5. c4 Nf6 6. Nc3 Nxd4 7. Qxd4 d6
8. Be2 Bg7 9. Be3 O-O 10. Qd2 a5 11. O-O a4 12. Rac1 Qa5 13. f3 Be6 14. Rfd1
Rfc8 15. Nd5 Qxd2 16. Rxd2 Bxd5 17. exd5 Nd7 18. Kf2 b5 19. Rdc2 b4 20. Rd2
Rc7 21. Bd4 Bxd4+ 22. Rxd4 Nc5 23. Bf1 Kf8 24. h4 h6 25. g3 Nd7 26. Bh3 Nb6
27. Bf1 Ra5 28. Re1 Rac5 29. Ree4 Kg7 30. Bd3 Ra5 31. Bf1 Kf8 32. Re1 Rac5
33. Ree4 Nd7 34. Re1 Ne5 35. Rc1 g5 36. h5 Nd7 37. Re1 Nf6 38. g4 Nd7 39.
Kg3 Ne5 40. Ree4 Kg7 41. f4 gxf4+ 42. Kxf4 Kf6 43. Be2 Rc8 44. Bf1 Rg8 45.
Be2 Rg5 46. Re3 Kg7 47. Rg3 Rc8 48. Bf1 Rc7 49. Be2 Rc5 50. Bf1 Rc8 51. Be2
Rf8 52. Bd3 f5 53. Bxf5 Nxg4 54. Rxg4 Rxf5+ 55. Kg3 Kf6 56. Rxg5 Rxg5+ 57.
Kh4 Rg2 58. Rf4+ Ke5 59. Rf7 Rxb2 60. Rxe7+ Kd4 61. Re6 Kc5 62. Rxh6 Rxa2
63. Rh8 Kxc4 64. h6 Rh2+ 65. Kg3 Rh1 66. h7 Kb3 67. Kf3 a3 {White resigns}
0-1

[Event "ICC tourney 1901 (45 10)"]
[Site "Internet Chess Club"]
[Date "2020.07.04"]
[Round "3"]
[White "JosephLevine"]
[Black "Chessking2008"]
[Result "0-1"]
[ICCResult "White checkmated"]
[WhiteElo "1316"]
[BlackElo "1608"]
[Opening "Sicilian: dragon, Yugoslav attack, 10.O-O-O"]
[ECO "B78"]
[NIC "SI.18"]
[Time "16:04:38"]
[TimeControl "2700+10"]

1. e4 c5 2. Nf3 d6 3. d4 cxd4 4. Nxd4 Nf6 5. Nc3 g6 6. Be3 Bg7 7. f3 O-O 8.
Qd2 Nc6 9. Bc4 Bd7 10. O-O-O Ne5 11. Bb3 Rc8 12. Kb1 Nc4 13. Bxc4 Rxc4 14.
g4 b5 15. Ndxb5 Qb8 16. Nd4 Rfc8 17. Nb3 a5 18. g5 Ne8 19. Nd5 Rxc2 20. Qxc2
Rxc2 21. Kxc2 a4 22. Nd4 e6 23. Nc3 d5 24. exd5 exd5 25. Rhe1 Qxh2+ 26. Re2
Qh3 27. Bf4 Bxd4 28. Rxd4 Qxf3 29. Bh2 Qf5+ 30. Kd1 Qxg5 31. Rxd5 Qg4 32.
Kc1 Nf6 33. Rd6 Qg5+ 34. Red2 Be6 35. Rd8+ Kg7 36. a3 Bb3 37. Bd6 h5 38.
Bf8+ Kh7 39. Be7 Qg1+ 40. Nd1 Ne4 41. R2d3 Nf2 42. Rxb3 axb3 43. Bf6 g5 44.
Bc3 Nxd1 45. Rxd1 Qe3+ 46. Kb1 h4 47. a4 Qe4+ 48. Ka1 Qxa4+ 49. Kb1 Qe4+ 50.
Ka1 h3 51. Rf1 h2 52. Be1 Qa8+ 53. Kb1 h1=Q 54. Rxf7+ Kg8 55. Re7 Qae4+ 56.
Ka1 Qhxe1# {White checkmated} 0-1

[Event "ICC tourney 1901 (45 10)"]
[Site "Internet Chess Club"]
[Date "2020.07.04"]
[Round "3"]
[White "Xuanli28"]
[Black "fishbein"]
[Result "1/2-1/2"]
[ICCResult "Game drawn by mutual agreement"]
[WhiteElo "1753"]
[BlackElo "1673"]
[Opening "Sicilian: Canal-Sokolsky attack, 3...Bd7"]
[ECO "B52"]
[NIC "SI.01"]
[Time "16:04:20"]
[TimeControl "2700+10"]

1. e4 c5 2. Nf3 d6 3. Bb5+ Bd7 4. Bxd7+ Nxd7 5. O-O Ngf6 6. Qe2 e6 7. c3 Be7
8. d4 O-O 9. Rd1 Qc7 10. e5 Nd5 11. c4 N5b6 12. dxc5 dxc5 13. Nc3 Qc6 14.
Bf4 Rfd8 15. b3 Nf8 16. h3 Ng6 17. Bg3 Rxd1+ 18. Rxd1 Rd8 19. Rxd8+ Bxd8 20.
Qd3 Qd7 21. Qe3 Be7 22. Qe2 Nc8 23. Kf1 Bf8 24. Ne1 Nce7 25. Nb5 Nc6 26. Qd3
Ngxe5 27. Bxe5 Nxe5 28. Qxd7 Nxd7 29. Nxa7 f5 30. Nb5 Kf7 31. Nd3 Kf6 32.
Ke2 e5 33. Nc7 e4 34. Nd5+ Ke6 35. N3f4+ Kd6 36. g4 fxg4 37. hxg4 Ne5 38. g5
Nc6 39. Ke3 Ke5 40. g6 h6 41. Nc3 Nb4 42. Nxe4 b6 43. Nd3+ Nxd3 44. Kxd3 h5
45. Ke3 Kf5 46. Nc3 Be7 47. Nd5 Bd8 48. f4 Kxg6 49. a3 Kf5 50. Kf3 g5 51.
fxg5 Kxg5 52. b4 Kf5 53. Nxb6 Bxb6 54. bxc5 Bxc5 55. Kg2 Bxa3 56. Kh1 Kg4
{Game drawn by mutual agreement}
1/2-1/2

[Event "ICC tourney 1901 (45 10)"]
[Site "Internet Chess Club"]
[Date "2020.07.04"]
[Round "3"]
[White "manest"]
[Black "SilentFog"]
[Result "1-0"]
[ICCResult "Black resigns"]
[WhiteElo "2389"]
[BlackElo "1786"]
[Opening "English opening"]
[ECO "A05"]
[NIC "QP.11"]
[Time "16:05:14"]
[TimeControl "2700+10"]

1. Nf3 Nf6 2. c4 b6 3. g3 Bb7 4. Bg2 g6 5. O-O Bg7 6. d4 O-O 7. d5 e6 8. Nc3
exd5 9. cxd5 Re8 10. Nd4 Na6 11. Ndb5 d6 12. Bf4 Nc5 13. b4 Nce4 14. Nxe4
Nxe4 15. Rc1 Re7 16. Qc2 Ba6 17. Bxe4 Bxb5 18. Bf3 Qe8 19. Rfe1 a5 20. bxa5
Rxa5 21. Bg5 Re5 22. Bd2 Ra7 23. Bc3 Re7 24. Bxg7 Kxg7 25. Qb2+ f6 26. Rc3
Bd7 27. Rec1 Bh3 28. a3 Qf7 29. Rc4 h5 30. Rh4 Bg4 31. Bxg4 hxg4 32. Qd2 g5
33. Rxg4 Rxa3 34. h4 Qh5 35. f3 Rae3 36. Rxc7 Rxe2 37. Rxe7+ Rxe7 38. hxg5
f5 39. Qc3+ {Black resigns} 1-0

[Event "ICC tourney 1901 (45 10)"]
[Site "Internet Chess Club"]
[Date "2020.07.04"]
[Round "3"]
[White "PawnEatingZombi"]
[Black "BrainOnFire"]
[Result "1-0"]
[ICCResult "Black resigns"]
[WhiteElo "1658"]
[BlackElo "1545"]
[Opening "Nimzo-Indian: classical variation"]
[ECO "E32"]
[NIC "NI.24"]
[Time "16:04:21"]
[TimeControl "2700+10"]

1. d4 Nf6 2. c4 e6 3. Nc3 Bb4 4. Qc2 O-O 5. e4 c5 6. e5 cxd4 7. a3 dxc3 8.
axb4 cxb2 9. Bxb2 Ne8 10. Nf3 f6 11. exf6 Nxf6 12. Bd3 Qe7 13. O-O d6 14.
Rfe1 Qf7 15. Ng5 Qh5 16. Nxe6 Bxe6 17. Rxe6 Ng4 18. h3 Nxf2 19. Rf1 Nxd3 20.
Rxf8+ Kxf8 21. Qxd3 Nc6 22. Qxd6+ Kg8 23. b5 Nd8 24. Re7 Nf7 25. Qg3 Qh6 26.
Rxb7 Rf8 27. c5 g6 28. Qc3 Rd8 29. Qf6 {Black resigns} 1-0

[Event "ICC tourney 1901 (45 10)"]
[Site "Internet Chess Club"]
[Date "2020.07.04"]
[Round "3"]
[White "bpovo1394"]
[Black "ChessDex"]
[Result "1-0"]
[ICCResult "Black checkmated"]
[WhiteElo "1732"]
[BlackElo "1526"]
[Opening "Robatsch defense: Pseudo-Austrian attack"]
[ECO "B06"]
[NIC "KF.05"]
[Time "16:04:29"]
[TimeControl "2700+10"]

1. e4 g6 2. d4 Bg7 3. Nc3 d6 4. f4 a6 5. Nf3 b5 6. Bd3 Nd7 7. e5 c5 8. Be3
Bb7 9. Be4 Bxe4 10. Nxe4 Nh6 11. c3 Nf5 12. Bf2 cxd4 13. cxd4 Qa5+ 14. Qd2
Qxd2+ 15. Kxd2 h5 16. Rac1 Nb6 17. b3 Kd7 18. Nfg5 Rhf8 19. Nxf7 Nh6 20.
Neg5 e6 21. Nxd6 Rxf4 22. Rc7+ Kxc7 23. Nxe6+ Kd7 24. Nxf4 Ng4 25. Be3 Bh6
26. g3 Rf8 27. h3 Nxe3 28. Kxe3 Nd5+ 29. Ke4 Nxf4 30. gxf4 Rxf4+ 31. Kd5 Rh4
32. Rf1 Be3 33. Rf7+ Kd8 34. Ke6 Rxd4 35. Rd7# {Black checkmated} 1-0

[Event "ICC tourney 1901 (45 10)"]
[Site "Internet Chess Club"]
[Date "2020.07.04"]
[Round "3"]
[White "blitzer102"]
[Black "GutsyEdge"]
[Result "1-0"]
[ICCResult "Black checkmated"]
[WhiteElo "1440"]
[BlackElo "1313"]
[Opening "Queen's bishop game"]
[ECO "D02"]
[NIC "QP.06"]
[Time "16:05:06"]
[TimeControl "2700+10"]

1. d4 Nf6 2. Nf3 d5 3. Bf4 c5 4. e3 Nc6 5. Nbd2 e6 6. c3 Bd6 7. Bg3 O-O 8.
Bd3 b6 9. e4 Be7 10. e5 Nd7 11. a3 Bb7 12. h4 f6 13. Bxh7+ Kxh7 14. Ng5+ Kg8
15. Nxe6 Qc8 16. Nxf8 Qxf8 17. e6 Ndb8 18. h5 cxd4 19. h6 gxh6 20. Bf4 Qg7
21. Bxh6 Qg6 22. Rh3 Bd6 23. f4 Qf5 24. Qe2 Ba6 25. c4 dxc4 26. Rg3+ Kh7 27.
Bg5 Qg6 28. Bh4 Qf5 29. Ne4 Be7 30. Bg5 Qg6 31. Bxf6 c3 32. Qf3 cxb2 33.
Rh3+ Qh6 34. Rxh6+ Kxh6 35. Qh3+ Kg6 36. f5# {Black checkmated} 1-0

[Event "ICC tourney 1901 (45 10)"]
[Site "Internet Chess Club"]
[Date "2020.07.04"]
[Round "3"]
[White "IAlwaysWin"]
[Black "musk6868"]
[Result "0-1"]
[ICCResult "White forfeits on time"]
[WhiteElo "1827"]
[BlackElo "1880"]
[Opening "R?ti opening"]
[ECO "A04"]
[NIC "QP.10"]
[Time "16:04:32"]
[TimeControl "2700+10"]

1. Nf3 c5 2. b3 Nc6 3. Bb2 Nf6 4. e3 d5 5. d4 e6 6. Nbd2 Be7 7. Bb5 O-O 8.
O-O a6 9. Be2 b5 10. a4 b4 11. Rc1 Bb7 12. Bd3 Rc8 13. Qe2 a5 14. Rcd1 Qb6
15. dxc5 Qxc5 16. e4 Nxe4 17. Nxe4 dxe4 18. Qxe4 Qh5 19. Nd2 Bd6 20. f4 Rc7
21. Qe1 Bc5+ 22. Kh1 Nd4 23. Ne4 Ba7 24. Qg3 Qh6 25. f5 Nxf5 26. Qxc7 Bb8
27. Bc1 Qh5 28. Ng3 Nxg3+ {White forfeits on time} 0-1